 Dungeon Crawl Stone Soup version 0.21.0-3-g78d12a8 (webtiles) character file.

281 mopl the Sneak (level 6, 0/32 HPs)
             Began as a Tengu Enchanter on Jan 11, 2018.
             Slain by a hound (4 damage)
             ... on level 4 of the Dungeon.
             The game lasted 00:05:37 (3494 turns).

mopl the Sneak (Tengu Enchanter)                    Turns: 3494, Time: 00:05:38

Health: 0/32       AC:  2    Str:  9    XL:     6   Next: 27%
Magic:  11/11      EV: 13    Int: 21    God:
Gold:   125        SH:  0    Dex: 16    Spells: 1/10 levels left

rFire    . . .     SeeInvis .   a - +0 dagger (venom)
rCold    . . .     Gourm    .   (no shield)
rNeg     . . .     Faith    .   t - +0 robe (curse)
rPois    .         Spirit   .   (helmet restricted)
rElec    .         Reflect  .   (no cloak)
rCorr    .         Harm     .   (no gloves)
MR       +....                  (boots unavailable)
Stlth    +++.......             (no amulet)
HPRegen  0.10/turn              p - ring of protection from magic
MPRegen  0.12/turn              B - +6 ring of intelligence

@: no status effects
A: beak, talons 3, able to fly 1
a: Fly


You were on level 4 of the Dungeon.
You were not hungry.

You visited 1 branch of the dungeon, and saw 4 of its levels.

You collected 125 gold pieces.

Inventory:

Hand Weapons
 a - a +0 dagger of venom (weapon)
 w - a +0 blowgun
Missiles
 m - 48 poisoned needles
Armour
 t - a cursed +0 robe (worn)
 C - a +2 ring mail of positive energy
Jewellery
 p - a ring of protection from magic (left hand)
 q - an uncursed ring of protection from cold
 v - an uncursed ring of see invisible
 B - a +6 ring of intelligence (right hand)
Wands
 A - a wand of polymorph (2)
Scrolls
 k - 2 scrolls of amnesia {unknown}
 l - a scroll of random uselessness {unknown}
 n - 2 scrolls of fear {unknown}
 s - 2 scrolls of noise {unknown}
 u - a scroll of enchant armour {unknown}
 x - 2 scrolls of remove curse {unknown}
 y - 2 scrolls of fog {unknown}
 z - 2 scrolls of magic mapping {unknown}
Potions
 e - 2 potions of magic
 f - 2 potions of haste
 g - 2 potions of mutation {!q}
 h - 3 potions of lignification {!q}
 i - 2 potions of brilliance
 j - 3 potions of curing {unknown}
 o - a potion of agility {unknown}
 r - 2 potions of heal wounds {unknown}
Books
 c - a book of Maledictions

   Spells                             Type                      Level
   a - Corona                         Hexes                        1
   b - Ensorcelled Hibernation        Hexes/Ice                    2
   c - Confuse                        Hexes                        3
   d - Tukima's Dance                 Hexes                        3
   e - Dazzling Spray                 Conjuration/Hexes            3
Comestibles
 b - 3 chunks of flesh
 d - 5 rations


   Skills:
 + Level 2.6 Short Blades
 - Level 2.1 Dodging
 * Level 4.5 Stealth
 + Level 2.8 Spellcasting
 * Level 3.3 Hexes
 + Level 1.6 Ice Magic


You had one spell level left.
You knew the following spells:

 Your Spells              Type           Power        Failure   Level  Hunger
a - Corona                Hex            ###....      3%          1    None
b - Ensorcelled Hibernat  Hex/Ice        ##....       7%          2    ##.....
c - Confuse               Hex            ###.....     10%         3    ###....
d - Tukima's Dance        Hex            ###.....     10%         3    ###....


Dungeon Overview and Level Annotations

Branches:
Dungeon (4/15)
 Temple: D:4-7

Altars:
Elyvilon


Innate Abilities, Weirdness & Mutations

You have a beak for a mouth.
You have claws for feet.
You can fly.


Message History

The hound is heavily wounded.
The hound misses you. The hound bites you.
You hit the hound. Your kick misses the hound.
You peck the hound, but do no damage.
The hound is severely wounded.
The hound bites you.
You are too injured to fight recklessly!
You are too injured to fight recklessly!
You are too injured to fight recklessly!
You hit the hound.
The hound looks as sick as possible!
You claw the hound, but do no damage.
The hound is severely wounded.
The hound bites you.
* * * LOW HITPOINT WARNING * * *
You miss the hound.
The hound is severely wounded.
The hound bites you.
* * * LOW HITPOINT WARNING * * *
The hound bites you.
You die...

#...##..# ........##
.........#######
..........##.#.### #
..........#...#..##.#
...............##..
...............#.#
.........>.......### .#
......#####.....@#.#...#
.....## ##.#..#h....#
....## #........###
....# #.#..##### .....
#....## ..##.. #..$.##
.# .. .....# . .## .....
..


You could see a hound.

Vanquished Creatures
  2 orc wizards (D:3)
  Ijyb (D:3)
  Natasha (thrice) (D:2)
  2 worker ants
  An ooze (D:1)
  A worm (D:2)
  3 dart slugs
  A leopard gecko (D:3)
  7 orcs (D:3)
  4 giant cockroaches
  7 goblins
  4 hobgoblins
  2 jackals (D:1)
  3 kobolds
  3 quokkas
  2 ball pythons
  5 bats
  4 frilled lizards
  8 rats
63 creatures vanquished.

Notes
Turn   | Place    | Note
-------+----------+-------------------------------------------
     0 | D:1      | mopl the Tengu Enchanter began the quest for the Orb.
     0 | D:1      | Reached XP level 1. HP: 10/10 MP: 4/4
   354 | D:1      | Reached XP level 2. HP: 5/15 MP: 4/6
   358 | D:1      | Learned a level 2 spell: Ensorcelled Hibernation
  1272 | D:1      | Reached XP level 3. HP: 11/19 MP: 7/7
  1314 | D:1      | Learned a level 3 spell: Confuse
  1587 | D:2      | Noticed Natasha
  1596 | D:2      | Killed Natasha
  1599 | D:2      | Reached XP level 4. HP: 12/24 MP: 5/8
  1603 | D:2      | Noticed Natasha
  1615 | D:2      | Killed Natasha
  1615 | D:2      | Reached skill level 2 in Short Blades
  1831 | D:2      | Noticed Natasha
  1848 | D:2      | Killed Natasha
  1848 | D:2      | Reached skill level 1 in Ice Magic
  1894 | D:2      | Found a white marble altar of Elyvilon.
  1955 | D:2      | Gained mutation: You can fly. [Tengu growth]
  1955 | D:2      | Reached XP level 5. HP: 22/28 MP: 9/9
  1970 | D:2      | Learned a level 3 spell: Tukima's Dance
  2284 | D:3      | Reached skill level 3 in Hexes
  2384 | D:3      | Reached skill level 4 in Stealth
  3053 | D:3      | Reached XP level 6. HP: 29/32 MP: 11/11
  3197 | D:3      | Noticed Ijyb
  3212 | D:3      | Killed Ijyb
  3494 | D:4      | Slain by a hound

Skill      XL: |  1  2  3  4  5 |
---------------+----------------+-----
Short Blades   | 2 |  2.6
Ice Magic      | 1 |  1.6
Hexes          | 3 |  3.3
Stealth        | 4 |  4.5
Dodging        | |  2.1
Spellcasting   | |  2.8

Action                   |  1- 3 |  4- 6 || total
-------------------------+-------+-------++-------
Melee: Dagger            |    78 |   117 ||   195
       Kick              |    13 |    34 ||    47
       Peck              |     2 |    12 ||    14
 Cast: Corona            |     3 |       ||     3
       Ensorcelled Hiber |     5 |     9 ||    14
 Abil: Fly               |       |     1 ||     1
  Use: Scroll            |     3 |     2 ||     5
 Stab: Sleeping          |     6 |    11 ||    17
  Eat: Chunk             |     2 |     7 ||     9
Armor: Robe              |    21 |     9 ||    30
Dodge: Dodged            |    58 |    52 ||   110
